 Dungeon Crawl Stone Soup version 0.28-a0-724-g66f9036eb4 (webtiles) character file.

Game seed: 17172980647494346193

105 Multipenetrator the Sneak (level 4, -5/25 HPs)
             Began as a Vampire Artificer on Oct 27, 2021.
             Was a Believer of Kikubaaqudgha.
             Killed from afar by Natasha (9 damage)
             ... with a magic dart
             ... on level 2 of the Dungeon.
             The game lasted 00:22:42 (1991 turns).

Multipenetrator the Sneak (Vampire Artificer)       Turns: 1991, Time: 00:22:43

Health: -5/25      AC:  3    Str: 12    XL:     4   Next: 53%
Magic:  4/4        EV: 12    Int: 13    God:    Kikubaaqudgha [**....]
Gold:   56         SH:  0    Dex: 14    Spells: 2/3 levels left

rFire   . . .      SeeInvis +   f - +0 dagger
rCold   + + .      Faith    .   (no shield)
rNeg    + + +      Spirit   .   b - +0 leather armour
rPois   ∞          Reflect  .   (no helmet)
rElec   .          Harm     .   (no cloak)
rCorr   .          Rampage  .   (no gloves)
Will    .....                   (no boots)
Stlth   +++++.....              (no amulet)
HPRegen 0.00/turn               (no ring)
MPRegen 0.09/turn               (no ring)

@: bloodless, inhibited regen
A: bloodless, fangs 3, see invisible, vampiric 2
a: Bat Form, Revivify, Renounce Religion, Receive Corpses


You were on level 2 of the Dungeon.
You worshipped Kikubaaqudgha.
Kikubaaqudgha was pleased with you.
You visited 1 branch of the dungeon, and saw 3 of its levels.

You collected 56 gold pieces.

Inventory:

Hand Weapons
 f - a +0 dagger (weapon)
Armour
 b - a +0 leather armour (worn)
Jewellery
 h - an amulet of guardian spirit
Wands
 c - a wand of flame (4) (quivered)
 d - a wand of charming (13)
 j - a wand of iceblast (9)
Scrolls
 a - 2 scrolls of blinking {unknown}
 g - a scroll of teleportation {unknown}
 i - a scroll of amnesia {unknown}
 k - a scroll of noise {unknown}
 l - a scroll of brand weapon {unknown}
Miscellaneous
 e - a piece from Xom's chessboard (13/15)


   Skills:
 + Level 1.1 Fighting
 * Level 1.9 Short Blades
 - Level 0.8 Armour
 + Level 2.6 Dodging
 * Level 4.8 Stealth
 + Level 0.4 Spellcasting
 + Level 0.2 Necromancy
 + Level 3.0 Evocations


You had 2 spell levels left.
You knew the following spells:

 Your Spells              Type           Power      Damage    Failure   Level
a - Pain                  Necr           0%         1d4       34%         1

Your spell library contained the following spells:

 Spells                   Type           Power      Damage    Failure   Level
 Beastly Appendage        Tmut           0%         N/A       36%         1
 Shock                    Conj/Air       0%         1d3       36%         1
 Sublimation of Blood     Necr           0%         N/A       45%         2
 Corpse Rot               Necr/Air       0%         N/A       50%         2
 Wereblood                Tmut           0%         N/A       50%         2
 Vampiric Draining        Necr           0%         2d6       71%         3
 Spider Form              Tmut/Pois      0%         N/A       75%         3
 Swiftness                Air            0%         N/A       75%         3
 Airstrike                Air            0%         N/A       98%         4


Dungeon Overview and Level Annotations

Branches:
Dungeon (3/15)

Altars:
Kikubaaqudgha

Annotations:
D:2 Natasha


Innate Abilities, Weirdness & Mutations

You do not regenerate when monsters are visible.
You are frail without blood (-20% HP).
You can heal yourself when you bite living creatures.
You are immune to poison.
You have razor-sharp teeth.
You have supernaturally acute eyesight. (SInv)
You are afflicted with vampirism and can become a bat while bloodless.


Message History

The endoplasm closely misses you.
You hit the endoplasm.
You kill the endoplasm!
Kikubaaqudgha accepts your kill.
You see here a +0 club.
You see here 28 stones.
You now have 56 gold pieces (gained 9).
Natasha, Servant of Life and Death comes into view.
Aiming: Iceblast
Press: ? - help, Shift-Dir - straight line
Okay, then.
Natasha claws you.
You hit Natasha.
Natasha is lightly wounded.
You hit Natasha but do no damage.
Natasha is lightly wounded.
Natasha claws you.
* * * LOW HITPOINT WARNING * * *
You closely miss Natasha.
Natasha is lightly wounded.
Natasha claws you.
* * * LOW HITPOINT WARNING * * *
You hit Natasha.
Natasha is moderately wounded.
Natasha barely misses you.
You hit Natasha.
Natasha is moderately wounded.
Natasha claws you.
* * * LOW HITPOINT WARNING * * *
You hit Natasha.
Natasha is heavily wounded.
Natasha drinks a potion.
Natasha is healed!
You hit Natasha.
Natasha is lightly wounded.
Natasha claws you.
* * * LOW HITPOINT WARNING * * *
Natasha casts a spell at you. The magic dart hits you!
You die...
Kikubaaqudgha rasps: "You have failed me!
Welcome... oblivion!"

# #.# #.# ####...##.##...# #
#.########....###...###.. #
#####.##.......####.†.⌠...### #
#.......######....###...###.. #
#..#####.#....###...##.##...#
#..# ##.......###..#.#..### #..#
#)#...### ##.#.#.###. #..#
####.#...# #.....###. #..#
#..[...V.# ##...##...
#####..###.##.#.#.### #.).##.##
................#h..#####...#..#
#####..#.#.#....#.#.....##.##..#
###..#.#.#.(...##......#.###.#
#.....................##.# #.##
#.#>.<.........#..###.##.# #...
#.##.#..###.......# #..#.# ####
#.##.#..###..###..###.#..# #


You could see Natasha.

Vanquished Creatures
  Natasha (twice) (D:2)
  An adder (D:2)
  A worm (D:2)
  6 bats
  6 endoplasms
  5 hobgoblins (D:2)
  A quokka (D:1)
  5 ball pythons
  5 goblins
  A kobold (D:1)
  5 rats
38 creatures vanquished.

Vanquished Creatures (collateral kills)
  A giant cockroach (D:2)
  A rat (D:2)
2 creatures vanquished.

Vanquished Creatures (others)
  A ball python (D:2)
1 creature vanquished.

Grand Total: 41 creatures vanquished

Notes
Turn   | Place    | Note
-------+----------+-------------------------------------------
     0 | D:1      | Multipenetrator the Vampire Artificer began the quest for
                  | the Orb.
     0 | D:1      | Reached XP level 1. HP: 14/14 MP: 1/1
    26 | D:1      | Reached skill level 2 in Stealth
    33 | D:1      | Found a faded altar of an unknown god.
   338 | D:1      | Prayed at the altar of an unknown god.
   338 | D:1      | Became a worshipper of Kikubaaqudgha
   338 | D:1      | Reached * piety under Kikubaaqudgha
   338 | D:1      | Received a gift from Kikubaaqudgha
   389 | D:1      | Reached XP level 2. HP: 20/20 MP: 2/2
   392 | D:1      | Learned a level 1 spell: Pain
   965 | D:2      | Reached skill level 1 in Short Blades
  1142 | D:2      | Reached skill level 1 in Fighting
  1217 | D:2      | Gained mutation: You are afflicted with vampirism and can
                  | become a bat while bloodless. [Vampire growth]
  1217 | D:2      | Reached XP level 3. HP: 20/20 MP: 3/3
  1263 | D:2      | Reached skill level 3 in Stealth
  1292 | D:2      | Noticed Natasha
  1302 | D:2      | Killed Natasha
  1481 | D:2      | Reached skill level 4 in Stealth
  1534 | D:2      | Reached ** piety under Kikubaaqudgha
  1535 | D:2      | Reached XP level 4. HP: 25/25 MP: 4/4
  1645 | D:2      | Noticed Natasha
  1663 | D:2      | Killed Natasha
  1979 | D:2      | Noticed Natasha
  1991 | D:2      | Killed from afar by Natasha

Illustrated notes

Levels and vault maps discovered:
D:1:      minmay_arrival_solitary_statue, layout_basic,
          hellmonk_ecumenical_altar_crossroads
D:2:      minmay_general_purpose_star, layout_loops_ring, uniq_natasha
D:3:      layout_basic, minmay_starry_boxes

Skill      XL: |  1  2  3 |
---------------+----------+-----
Stealth        | 2 4 |  4.8
Short Blades   | 1 |  1.9
Fighting       | 1 |  1.1
Evocations     | 3 |  3.0
Armour         | |  0.8
Dodging        | |  2.6
Spellcasting   | |  0.4
Necromancy     | |  0.2

Action                   |  1- 3 |  4- 6 || total
-------------------------+-------+-------++-------
Melee: Dagger            |    74 |    25 ||    99
       Club              |     4 |       ||     4
       Bite              |     7 |     3 ||    10
 Cast: Pain              |     4 |     6 ||    10
 Abil: Exsanguinate      |     2 |       ||     2
Evoke: Wand              |    14 |     1 ||    15
       Piece from Xom's  |     4 |     2 ||     6
 Stab: Sleeping          |    13 |     1 ||    14
       Confused          |     1 |       ||     1
Armor: Leather armour    |    14 |     1 ||    15
Dodge: Dodged            |    56 |     8 ||    64

Table legend: (Time is in decaauts)
 A = Elapsed time spent in this place.
 B = Non-inter-level travel time spent in this place.
 C = Inter-level travel time spent in this place.
 D = Time resting spent in this place.
 E = Time spent auto-exploring this place.
 F = Levels seen in this place.
 G = Mean time per level.
                   A        B        C        D        E       F      G
               +--------+--------+--------+--------+--------+-----+--------+
         Total |   1987 |   1975 |     12 |    327 |   1076 |   3 |  662.3 |
       Dungeon |   1987 |   1975 |     12 |    327 |   1076 |   3 |  662.3 |
               +--------+--------+--------+--------+--------+-----+--------+

Top non-repeatable levels by time:
     D:2: 1246 daAuts
     D:1: 739 daAuts
     D:3: 1 daAuts
